 Dungeon Crawl Stone Soup version 0.27-a0-1228-gfd60fd639a (webtiles) character file.

Game seed: 9607472953447131547

133587 ZappyNine the Stormcaller (level 16, -2/129 HPs)
             Began as a Demigod Conjurer on June 7, 2021.
             Shot with an arrow by a satyr (9 damage)
             ... on level 2 of the Shoals on June 8, 2021.
             The game lasted 01:10:09 (33292 turns).

ZappyNine the Stormcaller (Demigod Conjurer)       Turns: 33292, Time: 01:10:10

Health: -2/129     AC: 14    Str: 11    XL:     16   Next: 11%
Magic:  14/35      EV: 15    Int: 40    God:
Gold:   1561       SH:  5    Dex: 14    Spells: 4/36 levels left

rFire    . . .     SeeInvis .   H - +11 halberd "Affut" {freeze, *Noise rElec rPois Dex+2}
rCold    . . .     Faith    .   (shield currently unavailable)
rNeg     . . .     Spirit   .   z - +2 robe of Vines {NoPotionHeal Regen+++}
rPois    +         Reflect  +   (helmet restricted)
rElec    +         Harm     .   D - +2 cloak
rCorr    .         Rampage  .   C - +2 pair of gloves {archery}
Will     +....                  (no boots)
Stlth    +++.......             G - amulet of Capeg {Reflect Will+ Str+3 SH+5 Stlth+}
HPRegen  3.31/turn              b - +4 ring of protection
MPRegen  0.24/turn              U - ring of wizardry

@: weak-willed, spiked, mesmerised
A: high mp 1, forlorn, horns 1
a: no special abilities


You were on level 2 of the Shoals.
You visited 3 branches of the dungeon, and saw 23 of its levels.
You also visited: Bailey, Gauntlet and Ice Cave.

You collected 2870 gold pieces.
You spent 1309 gold pieces at shops.

Inventory:

Hand Weapons
 g - a +1 mace of protection
 H - the +11 halberd "Affut" (weapon) {freeze, *Noise rElec rPois Dex+2}
   (You found it on level 6 of the Lair of Beasts)

   It has been specially enchanted to freeze those struck by it, causing extra
   injury to most foes and up to half again as much damage against particularly
   susceptible opponents.
   It can also slow down cold-blooded creatures.
   It affects your dexterity (+2).
   It insulates you from electricity.
   It protects you from poison.
   It may make noises in combat.
 R - the +11 spear of Laceration {vorpal, Dex+5}
   (You bought it in a shop on level 10 of the Dungeon)

   It inflicts extra damage upon your enemies.
   It affects your dexterity (+5).
Missiles
 M - 7 curare-tipped darts
 S - 5 atropa-tipped darts
Armour
 d - a +3 buckler
 h - a +0 buckler of protection
 z - the +2 robe of Vines (worn) {NoPotionHeal Regen+++}
   (You found it on level 7 of the Dungeon)

   It increases your rate of health regeneration.
 C - a +2 pair of gloves of archery (worn)
 D - a +2 cloak (worn)
Jewellery
 a - the amulet "Doveps" {Acrobat rPois Will+ Str+4}
   (You acquired it in a bailey)

   [amulet of the acrobat]

   It increases your evasion while moving and waiting.
   It affects your strength (+4).
   It protects you from poison.
   It increases your willpower.
 b - a +4 ring of protection (left hand)
 e - a ring of ice
 B - a ring of flight
 G - the amulet of Capeg (around neck) {Reflect Will+ Str+3 SH+5 Stlth+}
   (You took it off a minotaur in a Gauntlet)

   [amulet of reflection]

   It reflects blocked missile attacks.
   It affects your strength (+3).
   It affects your SH (+5).
   It increases your willpower.
   It makes you more stealthy.
 I - a ring of see invisible
 U - a ring of wizardry (right hand)
Wands
 v - a wand of polymorph (8)
 y - a wand of acid (19)
 A - a wand of paralysis (14)
Scrolls
 l - 3 scrolls of magic mapping
 n - a scroll of brand weapon
 o - 15 scrolls of teleportation
 p - 11 scrolls of identify
 q - 3 scrolls of silence
 s - 2 scrolls of blinking
 w - a scroll of fog
 E - a scroll of summoning
 F - a scroll of amnesia
 L - 3 scrolls of enchant armour
 P - 2 scrolls of enchant weapon
Potions
 c - 6 potions of brilliance
 f - a potion of berserk rage
 i - 2 potions of haste
 j - 2 potions of heal wounds
 k - 3 potions of cancellation
 m - 19 potions of curing
 r - 15 potions of ambrosia
 t - 3 potions of lignification
 u - 2 potions of attraction
 x - 3 potions of magic
 Q - 2 potions of might


   Skills:
 - Level 8.4 Fighting
 - Level 5.7 Maces & Flails
 - Level 9.7 Polearms
 - Level 7.9 Dodging
 - Level 1.9 Stealth
 - Level 4.0 Shields
 - Level 0.1 Unarmed Combat
 + Level 10.8 Spellcasting
 - Level 7.6 Conjurations
 - Level 6.1 Hexes
 - Level 3.1 Translocations
 - Level 5.5 Transmutations
 + Level 15.1 Air Magic
 - Level 5.4 Earth Magic


You had 4 spell levels left.
You knew the following spells:

 Your Spells              Type           Power      Damage    Failure   Level
a - Summon Lightning Spi  Summ/Air       70%        N/A       1%          4
b - Searing Ray           Conj           100%       3d7       1%          2
c - Dazzling Flash        Conj/Hex       100%       N/A       1%          3
d - Fulminant Prism       Conj/Hex       33%        3d16      1%          4
e - Iskenderun's Mystic   Conj/Tloc      60%        2d13      1%          4
f - Petrify               Tmut/Erth      60%        N/A       1%          4
g - Lightning Bolt        Conj/Air       42%        1d62      1%          5
h - Conjure Ball Lightni  Conj/Air       42%        3x3d15    1%          6

Your spell library contained the following spells:

 Spells                   Type           Power      Damage    Failure   Level
 Shock                    Conj/Air       100%       1d9       0%          1
 Static Discharge         Conj/Air       85%        N/A       0%          2
 Swiftness                Air            97%        N/A       0%          3
 Beastly Appendage        Tmut           100%       N/A       1%          1
 Magic Dart               Conj           100%       1d8       1%          1
 Sandblast                Erth           100%       2d20      1%          1
 Passwall                 Tmut/Erth      50%        N/A       1%          2
 Wereblood                Tmut           60%        N/A       1%          2
 Spider Form              Tmut/Pois      21%        N/A       1%          3
 Stone Arrow              Conj/Erth      100%       3d13      1%          3
 Airstrike                Air            48%        N/A       1%          4
 Ice Form                 Ice/Tmut       43%        N/A       2%          4
 Hydra Form               Tmut           30%        N/A       1%          5
 Lee's Rapid Deconstruct  Erth           30%        3d17*     1%          5
 Silence                  Hex/Air        41%        N/A       1%          5
 Tornado                  Air            48%        N/A       75%         9


Dungeon Overview and Level Annotations

Branches:
Dungeon (15/15) Temple (0/1) D:4 Lair (6/6) D:9 Shoals (2/4) Lair:3 Spider (0/4) Lair:3 Slime (0/5) Lair:5 Orc (0/2) D:12 Vaults (0/5) D:12 D:13 Depths (0/5) D:15 Bailey (visited) IceCv (visited) Gauntlet (visited)

Shops:
D:1 [!:   D:2 [   D:7 *   D:8 (   D:10 (*:[(   D:11 (

Portals:
Trove: D:13 (give 8 potions of haste)

Annotations:
Lair:3 exclusion: 3 oklob plants


Innate Abilities, Weirdness & Mutations

Your attributes grow dramatically as you level up.
You have an increased reservoir of magic. (+10% MP)
You shall have no god before yourself.
You have a pair of small horns on your head.


Message History

Confirm with . or Enter, or press ? or * to list all spells.
You create some ball lightning! 3 ball lightnings come into view.
The faun shoots a stone.
The stone completely misses you. The stone hits your ball lightning!!
Your ball lightning explodes!
The blast of lightning engulfs your ball lightning.
Your ball lightning completely resists.
The blast of lightning engulfs you. You resist.
The blast of lightning engulfs the manticore!
The manticore is moderately wounded.
The blast of lightning engulfs your ball lightning.
Your ball lightning completely resists.
The satyr plays a lulling melody on his pipes!
You fall asleep.
The merfolk siren chants its luring song.
The manticore bites you!!!
You wake up.
* * * LOW HITPOINT WARNING * * *
You block the manticore's attack.
The manticore claws you but does no damage.
A merfolk javelineer comes into view.
It is wielding a +0 spear of distortion and quivering silver javelins.
You hear a shout! x4
Unknown command.
Okay, then.
Unknown command.
Blink to where?
Press: ? - help, Dir - move target
As you read the scroll of blinking, it crumbles to dust.
Your ball lightning explodes!
The blast of lightning engulfs the manticore!!
The manticore is almost dead.
The blast of lightning engulfs your ball lightning.
Your ball lightning completely resists.
Your ball lightning explodes!
The blast of lightning engulfs the manticore!!
You kill the manticore!
The blast of lightning engulfs the merfolk siren!!
The merfolk siren is heavily wounded.
The satyr shoots an arrow.
The arrow hits you!
You die...

....≈≈≈≈≈≈≈
...≈≈≈≈≈≈≈ ...≈≈≈≈≈≈≈
≈≈≈≈≈........≈≈≈≈≈#≈≈
≈≈≈≈.≈≈m......≈≈≈≈≈≈≈
.≈≈...≈≈... #..≈≈≈≈≈≈
....#.....# #...≈≈≈≈≈
#.......m.###@≈≈≈≈≈≈≈
#..≈≈≈≈≈≈....≈≈≈≈≈≈≈≈
...≈≈≈≈≈≈....≈≈≈≈≈≈≈≈
..≈≈≈≈≈≈≈..mc≈≈≈.≈≈≈≈
...≈≈≈≈≈§...ccc..≈≈≈≈
≈..≈.m≈†........≈≈≈≈≈
≈.........##....≈....
.≈≈.......##.........
.≈≈........ ..


You could see a satyr, 3 fauns and a merfolk siren (mesmerising).

Vanquished Creatures
  Rupert (D:12)
  Azrael (D:14)
  A minotaur (Gauntlet)
  A fire dragon (Lair:6)
  2 merfolk impalers (Shoals:1)
  3 ice dragons
  2 catoblepae
  2 rakshasas (D:15)
  13 hydras
  5 centaur warriors
  A merfolk avatar (Shoals:1)
  3 boulder beetles
  Erica (D:11)
  6 death yaks
  7 two-headed ogres
  Urug (D:11)
  An orc high priest (Bailey)
  Sonja (Lair:5)
  3 skeletal warriors (D:14)
  A wretched star (Gauntlet)
  A sea snake (Shoals:1)
  A swamp dragon (Lair:6)
  A deep elf archer (D:13)
  A wolf spider zombie (D:15)
  A necromancer (D:15)
  A wizard (D:15)
  3 orc knights
  4 lindwurms
  18 harpies
  3 deep elf pyromancers
  2 orc sorcerers
  14 ugly things (D:15)
  A faun (Shoals:1)
  18 slime creatures
  3 cyclopes
  The ghost of pokeman the Thaumaturge, a novice DEWz of Vehumet (D:5)
  4 manticores
  10 elephants
  A merfolk siren (Shoals:1)
  7 black mambas
  A water nymph (Shoals:1)
  Maurice (D:8)
  2 ice statues (IceCv)
  17 cane toads
  2 naga magi (D:15)
  6 torpor snails
  4 gargoyles
  Psyche (D:11)
  An unseen horror (D:12)
  A freezing wraith (D:14)
  7 rime drakes
  20 komodo dragons
  A kobold demonologist (D:12)
  A queen bee (Lair:3)
  5 trolls
  8 polar bears
  4 merfolk (Shoals:1)
  3 tyrant leeches (Lair:6)
  9 hornets
  16 blink frogs
  4 snapping turtles
  4 dream sheep (Shoals:1)
  A dream sheep (shapeshifter) (D:15)
  4 shadows
  A spriggan (Lair:2)
  A wraith (D:11)
  2 water elementals
  A centaur simulacrum (D:15)
  A vampire (D:11)
  4 wyverns
  88 yaks
  16 humans
  A fire elemental (D:14)
  9 basilisks
  3 steam dragons (Lair:6)
  2 vampire mosquitoes (D:12)
  2 wargs
  4 hell hounds (D:14)
  14 water moccasins
  Duvessa (D:7)
  A small abomination (Gauntlet)
  A hornet zombie (D:7)
  14 ice beasts (IceCv)
  5 black bears
  14 orc warriors
  4 ogres
  13 centaurs
  2 necrophages
  12 wolves
  2 phantoms
  A nameless horror (Lair:2)
  3 kobold brigands
  Blork the orc (D:5)
  2 scorpions
  18 bullfrogs
  3 water moccasin zombies (D:5)
  Dowan (D:7)
  A water moccasin skeleton (D:5)
  23 killer bees
  3 howler monkeys
  5 wights (D:7)
  7 electric eels
  A bullfrog zombie (D:5)
  5 centaur zombies
  2 jellies
  5 hounds
  2 gnoll shamans
  A bullfrog skeleton (D:5)
  5 iguanas (Lair:6)
  12 orc priests
  A centaur skeleton (D:7)
  Jessica (D:3)
  Natasha (thrice) (D:4)
  12 orc wizards
  2 howler monkey zombies (D:5)
  17 gnolls
  2 howler monkey skeletons
  5 adders
  2 shadow imps
  4 worms
  3 dart slugs
  56 orcs
  6 ball pythons
  5 bats
  8 endoplasms
  A giant cockroach (D:1)
  17 goblins
  10 hobgoblins
  2 jackals (D:2)
  16 kobolds
  4 quokkas
  2 frilled lizards (D:3)
  7 rats
  5 fulminant prisms
784 creatures vanquished.

Vanquished Creatures (collateral kills)
  A black mamba (Lair:2)
  A ball lightning (Shoals:1)
2 creatures vanquished.

Vanquished Creatures (others)
  A rime drake (Lair:6)
  A slime creature (D:14)
  A shadow (D:10)
  An orc wizard (D:9)
  A hobgoblin (Bailey)
  31 ball lightnings
  73 fulminant prisms
  46 fungi
  170 plants
325 creatures vanquished.

Grand Total: 1111 creatures vanquished

Notes
Turn   | Place    | Note
-------+----------+-------------------------------------------
     0 | D:1      | ZappyNine the Demigod Conjurer began the quest for the Orb.
     0 | D:1      | Reached XP level 1. HP: 14/14 MP: 5/5
   406 | D:1      | Reached XP level 2. HP: 20/20 MP: 7/7
   446 | D:1      | Learned a level 2 spell: Searing Ray
   538 | D:1      | Found Telor's Book Shoppe.
   557 | D:1      | Found Ummouk's Distillery.
   597 | D:1      | Found Banum's Armour Shop.
   760 | D:2      | Reached skill level 1 in Shields
   885 | D:2      | Found Iweunt's Antique Armour Shoppe.
  1030 | D:2      | Reached XP level 3. HP: 26/26 MP: 8/8
  1788 | D:3      | Noticed Jessica
  1792 | D:3      | Killed Jessica
  2137 | D:3      | Noticed a phantom
  2157 | D:3      | Killed a phantom
  2158 | D:3      | Reached XP level 4. HP: 14/33 MP: 4/9
  2367 | D:3      | Reached XP level 5. HP: 38/38 MP: 6/10
  2528 | D:3      | Reached skill level 1 in Fighting
  2664 | D:3      | Learned a level 3 spell: Dazzling Flash
  2868 | D:4      | Noticed Natasha
  2873 | D:4      | Killed Natasha
  3044 | D:4      | Reached XP level 6. HP: 21/48 MP: 13/13
  3329 | D:4      | Learned a level 4 spell: Fulminant Prism
  3499 | D:4      | Noticed Natasha
  3504 | D:4      | Killed Natasha
  3634 | D:4      | Found a staircase to the Ecumenical Temple.
  3674 | D:5      | Entered Level 5 of the Dungeon
  3709 | D:5      | Reached XP level 7. HP: 53/57 MP: 5/15
  3794 | D:5      | Noticed Blork the orc
  3802 | D:5      | Killed Blork the orc
  3803 | D:5      | Reached skill level 1 in Hexes
  3980 | D:5      | Reached skill level 5 in Conjurations
  4181 | D:5      | Found a large runed translucent door.
  4182 | D:5      | Found a large runed translucent door.
  4257 | D:5      | Noticed pokeman's ghost (novice DEWz)
  4274 | D:5      | Reached XP level 8. HP: 63/63 MP: 12/16
  4808 | D:5      | Noticed a moth of wrath
  5092 | D:5      | Killed pokeman's ghost
  5093 | D:5      | Reached skill level 5 in Hexes
  5563 | D:6      | Learned a level 4 spell: Iskenderun's Mystic Blast
  5586 | D:6      | Reached XP level 9. HP: 70/70 MP: 18/18
  5595 | D:6      | Reached skill level 1 in Translocations
  6181 | D:7      | Noticed Duvessa
  6182 | D:7      | Noticed Dowan
  6190 | D:7      | Killed Dowan
  6193 | D:7      | Killed Duvessa
  6327 | D:7      | Noticed a four-headed hydra
  6497 | D:7      | Found Rucesus's General Store.
  6831 | D:7      | Found the +2 robe of Vines {NoPotionHeal Regen+++}
  6841 | D:7      | Killed a four-headed hydra
  6842 | D:7      | Reached skill level 5 in Spellcasting
  6956 | D:7      | Reached skill level 5 in Fighting
  7294 | D:8      | Found Kumunuiv's Weapon Boutique.
  7302 | D:8      | Reached XP level 10. HP: 79/81 MP: 13/21
  7306 | D:8      | Noticed a six-headed hydra
  7310 | D:8      | Noticed a two-headed ogre
  8107 | D:8      | Killed a six-headed hydra
  8108 | D:8      | Reached skill level 5 in Dodging
  8137 | D:8      | Killed a two-headed ogre
  8619 | D:8      | Noticed Maurice
  8631 | D:8      | Killed Maurice
  8872 | D:9      | Noticed a two-headed ogre
  8882 | D:9      | Killed a two-headed ogre
  8883 | D:9      | Reached XP level 11. HP: 92/92 MP: 1/25
  8984 | D:9      | Gained mutation: Your body sometimes deteriorates upon
                  | taking damage. [potion of mutation]
  9053 | D:9      | Found a flagged portal.
  9065 | Bailey   | Entered a bailey
  9153 | Bailey   | Noticed an orc high priest
  9176 | Bailey   | Noticed a sixfirhy
  9177 | Bailey   | Killed an orc high priest
  9616 | Bailey   | Acquired the amulet "Doveps" {Acrobat rPois Will+ Str+4}
  9731 | Bailey   | Noticed an orc knight
  9748 | Bailey   | Killed an orc knight
 10366 | D:9      | Found a staircase to the Lair.
 11427 | D:10     | Entered Level 10 of the Dungeon
 11483 | D:10     | Found Pytral's General Store.
 11520 | D:10     | Noticed a two-headed ogre
 11542 | D:10     | Killed a two-headed ogre
 11559 | D:10     | Learned a level 4 spell: Petrify
 11634 | D:10     | Found Cuiv's Armour Emporium.
 11636 | D:10     | Found Diluanwe's Book Emporium.
 11809 | D:10     | Found Lewkuqal's Weapon Shoppe.
 11884 | D:10     | Reached skill level 1 in Transmutations
 11884 | D:10     | Reached skill level 1 in Earth Magic
 11962 | D:10     | Found Iji Vog's Antique Weapon Shop.
 12241 | Lair:1   | Entered Level 1 of the Lair of Beasts
 12303 | Lair:1   | Noticed an eight-headed hydra
 12328 | Lair:1   | Killed an eight-headed hydra
 12731 | Lair:1   | Noticed a six-headed hydra
 12744 | Lair:1   | Killed a six-headed hydra
 12869 | Lair:1   | Learned a level 5 spell: Lee's Rapid Deconstruction
 13282 | Lair:1   | Reached XP level 12. HP: 103/103 MP: 12/28
 13863 | Lair:2   | Reached skill level 5 in Transmutations
 13896 | Lair:2   | Reached skill level 5 in Earth Magic
 14349 | Lair:2   | Learned a level 4 spell: Summon Lightning Spire
 14505 | Lair:2   | Reached skill level 1 in Air Magic
 14644 | Lair:2   | Reached skill level 2 in Air Magic
 14686 | Lair:2   | Reached skill level 3 in Air Magic
 15088 | Lair:3   | Reached skill level 4 in Air Magic
 15189 | Lair:3   | Reached skill level 5 in Air Magic
 15408 | Lair:3   | Noticed a four-headed hydra
 15418 | Lair:3   | Killed a four-headed hydra
 15604 | Lair:3   | Reached skill level 6 in Air Magic
 15684 | Lair:3   | Noticed a four-headed hydra
 15699 | Lair:3   | Killed a four-headed hydra
 15895 | Lair:3   | Found a hole to the Spider Nest.
 16180 | Lair:3   | Found a staircase to the Shoals.
 16639 | Lair:4   | Found a gate leading to a gauntlet.
 16653 | Lair:4   | Reached skill level 7 in Air Magic
 16741 | Gauntlet | Entered a Gauntlet
 16741 | Gauntlet | Found a transporter.
 16779 | Gauntlet | Noticed a catoblepas
 16780 | Gauntlet | Found a transporter.
 16780 | Gauntlet | Found a transporter.
 16782 | Gauntlet | Found a transporter.
 16793 | Gauntlet | Found a transporter.
 16808 | Gauntlet | Found a transporter.
 16814 | Gauntlet | Found a transporter.
 16837 | Gauntlet | Found a transporter.
 16856 | Gauntlet | Found a transporter.
 16870 | Gauntlet | Found a transporter.
 16879 | Gauntlet | Found a transporter.
 16885 | Gauntlet | Noticed a blizzard demon
 16895 | Gauntlet | Found a transporter.
 16910 | Gauntlet | Found a transporter.
 16915 | Gauntlet | Found a transporter.
 16933 | Gauntlet | Found a transporter.
 16947 | Gauntlet | Noticed a hell beast
 16951 | Gauntlet | Found a transporter.
 16970 | Gauntlet | Found a transporter.
 17015 | Gauntlet | Found a transporter.
 17021 | Gauntlet | Reached skill level 8 in Air Magic
 17156 | Gauntlet | Killed a catoblepas
 17197 | Gauntlet | Identified the +0 hat of the Grey Skies {*Slow rC+ Dex+2}
 17276 | Gauntlet | Reached XP level 13. HP: 75/75 MP: 16/29
 17286 | Gauntlet | Identified the +0 helmet of Zebackei {Regen+ Stlth+}
 17298 | Gauntlet | Lost mutation: Your body sometimes deteriorates upon taking
                  | damage. [potion of mutation]
 17298 | Gauntlet | Gained mutation: You have a pair of small horns on your
                  | head. [potion of mutation]
 17308 | Gauntlet | Identified the amulet of Capeg {Reflect Will+ Str+3 SH+5
                  | Stlth+}
 17308 | Gauntlet | Noticed a minotaur
 17364 | Gauntlet | HP: 1/75 [minotaur (7)]
 17485 | Gauntlet | Killed a minotaur
 17605 | Lair:4   | Reached skill level 9 in Air Magic
 18569 | Lair:5   | Reached skill level 10 in Air Magic
 18866 | Lair:5   | Reached skill level 11 in Air Magic
 19064 | Lair:5   | Noticed Sonja
 19070 | Lair:5   | Killed Sonja
 19944 | Lair:5   | Reached skill level 12 in Air Magic
 20487 | Lair:6   | Entered Level 6 of the Lair of Beasts
 21130 | Lair:6   | Found a runed translucent door.
 21467 | Lair:6   | Reached skill level 13 in Air Magic
 21481 | Lair:6   | Reached XP level 14. HP: 107/116 MP: 3/30
 21481 | Lair:6   | Paralysed by a hornet for 2 turns
 21487 | Lair:6   | Paralysed by a hornet for 3 turns
 21654 | Lair:6   | HP: 3/116 [lindwurm/blast of flame (35)]
 22247 | Lair:5   | Reached skill level 1 in Maces & Flails
 22506 | D:1      | Bought a book of Air for 385 gold pieces
 22512 | D:1      | Learned a level 5 spell: Lightning Bolt
 22603 | D:4      | Noticed Natasha
 22605 | D:4      | Killed Natasha
 23185 | Lair:5   | Found a staircase to the Slime Pits.
 23428 | Lair:6   | Reached skill level 5 in Maces & Flails
 23940 | D:10     | Bought the +11 spear of Laceration {vorpal, Dex+5} for 924
                  | gold pieces
 23979 | D:11     | Reached skill level 1 in Polearms
 24059 | D:11     | Noticed Erica
 24067 | D:11     | Killed Erica
 24069 | D:11     | Noticed Urug
 24109 | D:11     | Killed Urug
 24469 | D:11     | Noticed Psyche
 24473 | D:11     | Killed Psyche
 24574 | D:11     | Found Oskuux's Weapon Shop.
 25064 | D:12     | Found a staircase to the Orcish Mines.
 25109 | D:12     | Found a frozen archway.
 25121 | IceCv    | Entered an ice cave
 25200 | IceCv    | Reached skill level 5 in Polearms
 25748 | IceCv    | Identified the amulet of Sife {Spirit +Inv Int+4}
 27266 | D:13     | Found a gate to the Vaults.
 27266 | D:13     | Noticed Rupert
 27288 | D:12     | Killed Rupert
 27510 | D:13     | Reached XP level 15. HP: 115/123 MP: 7/31
 28294 | D:13     | Found a portal to a secret trove of treasure.
 28724 | D:14     | Noticed Azrael
 28751 | D:14     | Killed Azrael
 29426 | D:15     | Entered Level 15 of the Dungeon
 29732 | D:15     | Reached skill level 14 in Air Magic
 30916 | D:15     | Found a staircase to the Depths.
 31822 | Lair:6   | Reached skill level 10 in Spellcasting
 31953 | Lair:6   | Identified the +11 halberd "Affut" {freeze, *Noise rElec
                  | rPois Dex+2}
 32084 | Lair:6   | Learned a level 6 spell: Conjure Ball Lightning
 32139 | Shoals:1 | Entered Level 1 of the Shoals
 32655 | Shoals:1 | Reached XP level 16. HP: 107/129 MP: 22/35
 32995 | Shoals:1 | Reached skill level 15 in Air Magic
 33291 | Shoals:2 | HP: 4/129 [manticore (57)]
 33292 | Shoals:2 | Shot with an arrow by a satyr

Illustrated notes

Levels and vault maps discovered:
D:1:      mrwooster_arrival_statue_2, layout_basic, serial_shops, shop_statue,
          nicolae_shop_statue_plus, shop_statue, minmay_pentomino_u4
D:2:      layout_loops_ring, hellmonk_ecumenical_altar_inner_sanctum,
          serial_forest, infiniplex_forest_lined_3,
          infiniplex_forest_clump_medium, infiniplex_forest_clump_tiny,
          infiniplex_forest_straight_2, infiniplex_forest_fountain,
          infiniplex_forest_split, infiniplex_forest_lined_3_way, serial_shops,
          shop_fountains, nrook_mini_backslash, chequers_serial_rivers_marsh,
          eino_tiny_chamber, grunt_ministairs_7
D:3:      layout_loops_cross, uniq_jessica
D:4:      layout_loops_ring, minmay_temple_entry_enclosed_plants,
          grunt_decor_junction, minmay_misc_feat_chi, uniq_natasha
D:5:      layout_basic, tgw_trog, ebering_ghost_disaster_area,
          grunt_ministairs_13, st_stairs_6, minivault_19, uniq_blork_the_orc
D:6:      layout_basic, nicolae_sif_muna_condensation
D:7:      layout_loops_ring, nicolae_overflow_hidden_temple, serial_shops,
          nicolae_shop_window_shopping, hellmonk_guarded_unrand_vines,
          uniq_duvessa
D:8:      layout_cave_pools, nicolae_overflow_crystal_walls,
          nicolae_dithmenos_the_darkroom, serial_shops, shop, uniq_maurice
D:9:      layout_layer_cave, david_lair_generic, enter_bailey_5
D:10:     layout_loops_ring, cheibriados_altar_1, serial_shops,
          nicolae_shop_behind_doors, shop_statue, shop, nicolae_shop_crystal,
          shop_statue, kennysheep_generic_room_10
D:11:     layout_small_grid, serial_shops, nicolae_shop_behind_doors,
          uniq_psyche, uniq_urug, uniq_erica
D:12:     layout_stronghold, erik_orc_3, portal_ice_cave_rime, minivault_5,
          minmay_stone_trees_medium
D:13:     layout_big_octagon, david_vaults_3, trove_entry_hex_spiral,
          serial_column_ruins, column_ruins_corridor_straight,
          column_ruins_columns_straight, column_ruins_grid_1,
          column_ruins_open_tiny, column_ruins_columns_corner,
          column_ruins_open_small, column_ruins_grid_1
D:14:     layout_roguey, uniq_azrael
D:15:     grunt_enter_depths_magical_seal, layout_basic
Lair:1:   layout_regular_city, beast_lair_carwin_9, grunt_megastairs_2
Lair:2:   layout_cave_pods, forest_entry_grove, lemuel_fruit_fields,
          serial_bayou_shore_a
Lair:3:   layout_roguey, minmay_shoals_entry_hut, spider_nest_entry_web_field,
          special_room [special_room_bee], wad_woods_river_03, minivault_26,
          minmay_lair_oklob_chamber
Lair:4:   layout_roguey, gauntlet_entry_generic, cheibrodos_lair_lostbears,
          grunt_megastairs_3
Lair:5:   cheibrodos_lair_overgrown_chateau, layout_loops_ring,
          dpeg_slime_entry_corner, minmay_shattered_shrine, uniq_sonja
Lair:6:   guppyfry_lair_end_dragon, layout_gridlike, wormcave, serial_rivers,
          chequers_serial_rivers_large_a, chequers_serial_rivers_micro_a,
          chequers_serial_rivers_room_a, chequers_serial_rivers_micro_c,
          chequers_serial_rivers_micro_d, chequers_serial_rivers_micro_d,
          st_stairs_7
Shoals:1: layout_shoals
Shoals:2: layout_shoals, hangedman_shoals_cup_caves

Skill      XL: |  1  2  3  4  5  6  7  8  9 10 11 12 13 14 15 16 |
---------------+-------------------------------------------------+-----
Conjurations   | 4 5 7 |  7.6
Shields        | 2 4 |  4.0
Spellcasting   | 2 3 5 7 8 10 | 10.8
Fighting       | 2 3 5 7 8 |  8.4
Hexes          | 4 6 |  6.1
Translocations | 3 |  3.1
Dodging        | 4 6 7 |  7.9
Transmutations | 4 5 |  5.5
Earth Magic    | 4 5 |  5.4
Air Magic      | 8 13 14 15 | 15.1
Maces & Flails | 5 |  5.7
Polearms       | 8 9 |  9.7
Stealth        | |  1.9
Unarmed Combat | |  0.1

Action                   |  1- 3 |  4- 6 |  7- 9 | 10-12 | 13-15 | 16-18 || total
-------------------------+-------+-------+-------+-------+-------+-------++-------
Melee: Unarmed           |    55 |       |       |       |       |       ||    55
       Mace              |   105 |   181 |   253 |   990 |  1209 |       ||  2738
       Headbutt          |       |       |       |       |   368 |     1 ||   369
       Spear             |       |       |       |       |   882 |       ||   882
       Halberd           |       |       |       |       |    91 |    26 ||   117
 Cast: Magic Dart        |    13 |     5 |     6 |       |       |       ||    24
       Searing Ray       |    10 |    13 |    35 |    81 |    33 |       ||   172
       Dazzling Flash    |       |       |     3 |     5 |     5 |       ||    13
       Fulminant Prism   |       |       |     8 |    31 |    39 |       ||    78
       Iskenderun's Myst |       |       |     9 |    69 |   150 |     9 ||   237
       Lee's Rapid Decon |       |       |       |    12 |       |       ||    12
       Petrify           |       |       |       |     2 |     1 |       ||     3
       Summon Lightning  |       |       |       |     3 |       |       ||     3
       Lightning Bolt    |       |       |       |       |   111 |     6 ||   117
       Conjure Ball Ligh |       |       |       |       |    10 |     1 ||    11
Evoke: Wand              |       |       |       |     1 |     3 |       ||     4
  Use: Potion            |     1 |     1 |     1 |     4 |    11 |       ||    18
       Scroll            |       |     5 |       |    24 |     5 |     1 ||    35
 Stab: Sleeping          |     1 |     3 |     1 |       |     6 |       ||    11
       Petrified         |       |       |       |     3 |       |       ||     3
       Invisible         |       |       |       |       |     3 |       ||     3
       Distracted        |       |       |       |       |     3 |       ||     3
Armor: Robe              |    81 |    95 |   162 |   608 |   917 |    19 ||  1882
Dodge: Dodged            |   106 |   139 |   177 |  1082 |  1418 |    34 ||  2956
Block: Buckler           |    19 |    78 |   123 |   610 |  1435 |       ||  2265
       Reflection        |       |       |       |       |    49 |       ||    49
       Other             |       |       |       |       |    20 |    13 ||    33

Table legend: (Time is in decaauts)
 A = Elapsed time spent in this place.
 B = Non-inter-level travel time spent in this place.
 C = Inter-level travel time spent in this place.
 D = Time resting spent in this place.
 E = Time spent auto-exploring this place.
 F = Levels seen in this place.
 G = Mean time per level.
                   A        B        C        D        E       F      G
               +--------+--------+--------+--------+--------+-----+--------+
         Total |  34354 |  31960 |   2394 |   3204 |  19635 |  26 | 1321.3 |
       Dungeon |  18155 |  16745 |   1410 |   1433 |  11574 |  15 | 1210.3 |
          Lair |  12332 |  11411 |    921 |   1049 |   6651 |   6 | 2055.3 |
        Shoals |   1210 |   1148 |     62 |    385 |    515 |   2 |  605.0 |
        Bailey |   1084 |   1084 |      0 |     27 |    410 |   1 | 1084.0 |
      Ice Cave |    792 |    792 |      0 |    195 |    414 |   1 |  792.0 |
      Gauntlet |    779 |    779 |      0 |    112 |     69 |   1 |  779.0 |
               +--------+--------+--------+--------+--------+-----+--------+

Top non-repeatable levels by time:
  Lair:5: 3025 daAuts
  Lair:6: 2854 daAuts
     D:7: 1937 daAuts
  Lair:2: 1920 daAuts
    D:12: 1761 daAuts
     D:9: 1743 daAuts
    D:15: 1641 daAuts
  Lair:1: 1613 daAuts
     D:5: 1608 daAuts
  Lair:4: 1549 daAuts
  Lair:3: 1369 daAuts
Shoals:1: 1196 daAuts
     D:2: 1174 daAuts
     D:4: 1125 daAuts
  Bailey: 1084 daAuts
